 Dungeon Crawl Stone Soup version 0.21.1-1-g345015fe64 (webtiles) character file.

74 Denreik the Skirmisher (level 4, -5/39 HPs)
             Began as a Formicid Fighter on May 18, 2018.
             Slain by an ogre
             ... wielding a +0 giant spiked club
              (22 damage)
             ... on level 5 of the Dungeon.
             The game lasted 00:01:35 (578 turns).

Denreik the Skirmisher (Formicid Fighter)            Turns: 578, Time: 00:01:35

Health: -5/39      AC:  6    Str: 22    XL:     4   Next: 54%
Magic:  4/4        EV:  8    Int:  7    God:
Gold:   54         SH:  9    Dex: 10    Spells: 3/3 levels left

rFire    . . .     SeeInvis +   a - +0 quarterstaff
rCold    . . .     Gourm    .   c - +0 shield
rNeg     . . .     Faith    .   b - +0 scale mail
rPois    .         Spirit   .   (helmet unavailable)
rElec    .         Reflect  .   (no cloak)
rCorr    .         Harm     .   (no gloves)
MR       .....                  (no boots)
Stlth    ..........             (no amulet)
HPRegen  0.13/turn              e - ring of see invisible
MPRegen  0.09/turn              (no ring)

@: no status effects
A: permanent stasis, dig shafts and tunnels, four strong arms, antennae 3
a: Dig, Shaft Self


You were on level 5 of the Dungeon.
You were hungry.

You visited 1 branch of the dungeon, and saw 4 of its levels.

You collected 54 gold pieces.

Inventory:

Hand Weapons
 a - a +0 quarterstaff (weapon)
Armour
 b - a +0 scale mail (worn)
 c - a +0 shield (worn)
Jewellery
 e - a ring of see invisible (left hand)
 i - an uncursed ring of stealth {unknown}
Scrolls
 j - a scroll of remove curse {unknown}
Potions
 d - a potion of might
 g - a potion of curing {unknown}
 h - a potion of heal wounds {unknown}
Comestibles
 f - 3 rations


   Skills:
 * Level 5.2 Fighting
 - Level 2.0 Staves
 - Level 3.6 Armour
 - Level 3.7 Shields


You had 3 spell levels left.
You didn't know any spells.

Dungeon Overview and Level Annotations

Branches:
Dungeon (4/15)
 Temple: D:4-7

Altars:

Annotations:
D:5 Gitz's ghost, amateur NaWz


Innate Abilities, Weirdness & Mutations

You cannot be hasted, slowed, berserked, paralysed or teleported.
You can dig through walls and to a lower floor.
Your four strong arms can wield two-handed weapons with a shield.
You have a pair of large antennae on your head. (SInv)


Message History

You dig through the rock wall.
Gitz's ghost gestures wildly while chanting.
Gitz's ghost blinks!
You dig through the rock wall.
You dig through the rock wall.
You dig through the rock wall.
The ogre hits you with a giant spiked club!!
You retract your mandibles.
You sock the ogre!
The ogre is moderately wounded.
You sock the ogre!
The ogre is heavily wounded.
The ogre hits you but does no damage.
You barely miss the ogre.
The ogre is heavily wounded.
The ogre hits you with a giant spiked club.
You hit the ogre.
The ogre is severely wounded.
The ogre hits you with a giant spiked club!!
Ouch! That really hurt!
You die...

### ##.#### #.....#
##.....## ##.......# ###
##........#
#@####.........##
##O##...........#
##.####...>.....(#
######.#.###..........#
#......#.#.##..........#
#........##.#.........##
#.........#...........#
#...........#........##
#...........##...#####


You could see an ogre.

Vanquished Creatures
  A bullfrog skeleton (D:4)
  A worker ant (D:5)
  An adder (D:4)
  A dart slug (D:1)
  3 bats (D:1)
  3 goblins (D:1)
  A hobgoblin (D:1)
  A kobold (D:1)
  A quokka (D:5)
  A rat (D:1)
14 creatures vanquished.

Notes
Turn   | Place    | Note
-------+----------+-------------------------------------------
     0 | D:1      | Denreik the Formicid Fighter began the quest for the Orb.
     0 | D:1      | Reached XP level 1. HP: 18/18 MP: 1/1
    61 | D:1      | Reached XP level 2. HP: 20/24 MP: 2/2
   112 | D:1      | You fall through a shaft!
   115 | D:2      | You fall through a shaft for 2 floors!
   128 | D:4      | Reached skill level 4 in Fighting
   128 | D:4      | Reached XP level 3. HP: 9/31 MP: 3/3
   133 | D:4      | Reached XP level 4. HP: 12/38 MP: 4/4
   367 | D:4      | You fall through a shaft!
   367 | D:5      | Entered Level 5 of the Dungeon
   384 | D:5      | Reached skill level 5 in Fighting
   560 | D:5      | Noticed Gitz's ghost (amateur NaWz)
   561 | D:5      | Noticed an ogre
   578 | D:5      | Slain by an ogre

Skill      XL: |  1  2  3  4 |
---------------+-------------+-----
Fighting       | 4 5 |  5.2
Staves         | |  2.0
Armour         | |  3.6
Shields        | |  3.7

Action                   |  1- 3 |  4- 6 || total
-------------------------+-------+-------++-------
Melee: Quarterstaff      |    33 |    20 ||    53
 Abil: Dig               |     3 |     1 ||     4
       Shaft Self        |     2 |     1 ||     3
Armor: Scale mail        |    12 |     4 ||    16
Dodge: Dodged            |     9 |     1 ||    10
Block: Shield            |    19 |    12 ||    31
